 Dungeon Crawl Stone Soup version 0.31-a0-236-g9a0961fb85 (webtiles) character file.

Game seed: 12966449057832951547

58 qw the Shooter (level 4, -2/26 HPs)
             Began as a Gargoyle Hexslinger on July 10, 2023.
             Slain by a hobgoblin (4 damage)
             ... led by Robin
             ... on level 2 of the Dungeon.
             The game lasted 00:00:20 (660 turns).

qw the Shooter (Gargoyle Hexslinger)                 Turns: 660, Time: 00:00:21

Health: -2/26      AC:  7    Str: 12    XL:     4   Next: 1%
Magic:  5/5        EV: 12    Int: 13    God:
Gold:   66         SH:  0    Dex: 14    Spells: 4/5 levels left

rFire   + . .        Y - +1 sling
rCold   + . .        (no shield)
rNeg    + + .        c - +0 robe
rPois   inf          e - +2 hat
rElec   +            g - scarf {rC+ rF+}
rCorr   .            (no gloves)
SInv    .            (no boots)
Will    .....        (no amulet)
Stlth   +            f - ring of positive energy
HPRegen 0.24/turn    (no ring)
MPRegen 0.09/turn

%: no passive effects
@: no status effects
A: sickness immunity, AC +3, negative energy resistance 1, electricity
resistance, torment resistance 1, petrification resistance
a: no special abilities


You were on level 2 of the Dungeon.
You visited 1 branch of the dungeon, and saw 2 of its levels.

You collected 66 gold pieces.


Innate Abilities, Weirdness & Mutations

You are immune to sickness and miasma.
Your stone body is resilient. (AC +3)
You are immune to poison.
You resist negative energy. (rN+)
You are resistant to electric shocks. (rElec)
You are resistant to unholy torment.
You are immune to petrification.


   Skills:
 - Level 2.0 Fighting
 + Level 3.8 Ranged Weapons
 - Level 1.5 Dodging
 - Level 1.0 Spellcasting
 - Level 2.6 Hexes


You had 4 spell levels left.
You knew the following spells:

 Your Spells              Type           Power      Damage    Failure   Level
a - Slow                  Hex            28%        N/A       10%         1

Your spell library contained the following spells:

 Spells                   Type           Power      Damage    Failure   Level
 Inner Flame              Hex/Fire       4%         N/A       43%         3
 Portal Projectile        Hex/Tloc       8%         N/A       43%         3
 Cause Fear               Hex            3%         N/A       67%         4

Inventory:

Hand Weapons
 Y - a +1 sling (weapon)
Armour
 c - a +0 robe (worn)
 e - a +2 hat (worn)
 g - a scarf of resistance (worn)
 h - a +0 cloak
Jewellery
 a - a ring of wizardry
 f - a ring of positive energy (left hand)
Scrolls
 b - a scroll of fog {unknown}
Potions
 i - a potion of enlightenment {unknown}

Dungeon Overview and Level Annotations

Branches:
Dungeon (2/15)

Altars:


Message History

The ball python misses you. x2; The hobgoblin hits you.
The goblin hits you but does no damage.
The hobgoblin hits you but does no damage.
Robin throws the goblin at you! The goblin closely misses you.
The goblin hits you with a +0 club.
You shoot a sling bullet. The sling bullet hits Robin.
You kill Robin!
The ball python bites you. The ball python barely misses you.
The goblin hits you but does no damage.
The hobgoblin hits you but does no damage.
The goblin hits you but does no damage. The hobgoblin barely misses you.
The goblin closely misses you.
The ball python bites you but does no damage.
The ball python misses you.
You have reached level 4!
You feel stronger.
You shoot a sling bullet. The sling bullet hits the hobgoblin.
The hobgoblin is severely wounded.
The goblin misses you.
The hobgoblin hits you but does no damage.
The goblin misses you.
The hobgoblin hits you but does no damage.
The hobgoblin misses you. The goblin hits you but does no damage.
The ball python misses you. The ball python grabs you.
The ball python constricts you.
You shoot a sling bullet. The sling bullet hits the ball python.
The ball python is severely wounded.
The ball python closely misses you. The ball python constricts you.
The goblin hits you but does no damage. The hobgoblin barely misses you.
The hobgoblin hits you.
The hobgoblin hits you but does no damage.
The goblin hits you with a +0 dagger. The goblin closely misses you.
The ball python barely misses you. The ball python constricts you.
The goblin barely misses you. The goblin hits you but does no damage.
The hobgoblin hits you but does no damage.
The hobgoblin closely misses you. The goblin barely misses you.
The hobgoblin barely misses you.
You shoot a sling bullet. The sling bullet hits the ball python.
You kill the ball python!
The hobgoblin hits you.
You die...

.#........ . ........#
..........# .).#......#
# #....$...# .#
##.....$.# ###.#
.#....gg..# #...
......g@g####.# ########
.......gg.#...###.......
..#......%......#.......
#....%................
.......................
..#.....................
#...................####
...................##
........>...........#


You could see 3 hobgoblins and 3 goblins.

Vanquished Creatures
  Robin (D:2)
  An adder (D:2)
  A worm (D:2)
  3 ball pythons
  A bat (D:1)
  An endoplasm (D:1)
  2 giant cockroaches (D:1)
  3 goblins
  3 hobgoblins
  4 jackals (D:1)
  2 kobolds (D:1)
  4 quokkas (D:1)
  2 frilled lizards (D:1)
  3 rats
31 creatures vanquished.

Notes
Turn   | Place    | Note
-------+----------+-------------------------------------------
     0 | D:1      | qw the Gargoyle Hexslinger began the quest for the Orb.
     0 | D:1      | Reached XP level 1. HP: 12/12 MP: 2/2
     0 | D:1      | 0 ||| qw: Version: 0.3-a-52-g30416fa
     0 | D:1      | 0 ||| qw: Game counter: 4516
     0 | D:1      | 0 ||| qw: Melee chars always use a shield: true
     0 | D:1      | 0 ||| qw: God list: Okawaru
     0 | D:1      | 0 ||| qw: Allow faded altars: false
     0 | D:1      | 0 ||| qw: Do Orc after clearing Dungeon:15 true
     0 | D:1      | 0 ||| qw: Do second Lair branch before Depths: true
     0 | D:1      | 0 ||| qw: Lair rune preference: random
     0 | D:1      | 0 ||| qw: Goals: Normal
     0 | D:1      | 0 ||| PLANNING D:1-11
   118 | D:1      | Reached XP level 2. HP: 16/16 MP: 3/3
   193 | D:1      | Found a faded altar of an unknown god.
   218 | D:1      | Reached skill level 3 in Ranged Weapons
   295 | D:1      | Reached XP level 3. HP: 21/21 MP: 4/4
   564 | D:1      | 564 ||| UPGRADING to +2 hat.
   569 | D:1      | 569 ||| UPGRADING to scarf of resistance.
   574 | D:1      | 574 ||| UPGRADING to ring of positive energy.
   575 | D:1      | 575 ||| READING scroll labelled TUGOXOC WOPN.
   576 | D:1      | 576 ||| DROPPING scroll of poison.
   645 | D:2      | Noticed Robin
   656 | D:2      | HP: 5/21 [goblin/+0 club[Robin] (2)]
   657 | D:2      | Killed Robin
   657 | D:2      | HP: 2/21 [ball python (3)]
   658 | D:2      | Reached XP level 4. HP: 3/26 MP: 5/5
   660 | D:2      | Slain by a hobgoblin

Levels and vault maps discovered:
D:1:      heliophobic_arrival_enchanted_forest, layout_loops_ring,
          chequers_ecumenical_altar_twisty
D:2:      layout_rooms, basic_altar, serial_shops, shop, uniq_robin,
          uniq_terence

Skill      XL: |  1  2 |
---------------+-------+-----
Ranged Weapons | 3 |  3.8
Fighting       | 2 |  2.0
Dodging        | |  1.5
Spellcasting   | |  1.0
Hexes          | |  2.6

Action                     |  1- 3 |  4- 6 || total
---------------------------+-------+-------++-------
   Fire: Sling             |    88 |     3 ||    91
    Use: Scroll            |     1 |       ||     1
 Armour: Robe              |    26 |     7 ||    33
  Dodge: Dodged            |    41 |    12 ||    53

Table legend:
 A = Non-vault XP
 B = Vault XP
 C = Vault XP percentage of total XP
 D = Non-vault monster count
 E = Vault monster count
 F = Vault count percentage of total count
                 A         B        C        D         E       F
            +---------+---------+-------+---------+---------+-------
      Total |      62 |      23 |  27.1 |      26 |       5 |  16.1
            +---------+---------+-------+---------+---------+-------
        D:1 |      40 |       0 |   0.0 |      22 |       0 |   0.0
        D:2 |      22 |      23 |  51.1 |       4 |       5 |  55.6
            +---------+---------+-------+---------+---------+-------
